 Dungeon Crawl Stone Soup version 0.20.1-1-g8b1a95d (webtiles) character file.

6527 SCCSCCS the Protected (level 11, 0/60 HPs)
             Began as a Gargoyle Berserker on Oct 25, 2017.
             Was a High Priest of Trog.
             Slain by a yak (3 damage)
             ... on level 9 of the Dungeon.
             The game lasted 00:47:21 (9700 turns).

SCCSCCS the Protected (Gargoyle Berserker)          Turns: 9700, Time: 00:47:22

Health: 0/60       AC: 22    Str: 23    XL:     11   Next: 1%
Magic:  3/3        EV:  9    Int:  7    God:    Trog [*****.]
Gold:   266        SH:  0    Dex: 11    Spells: 10/10 levels left

rFire    + . .     SeeInvis .   R - +5 great sword (antimagic)
rCold    . . .     Gourm    .   (shield currently unavailable)
rNeg     + . .     Faith    +   n - +3 chain mail
rPois    ∞         Spirit   .   (no helmet)
rElec    +         Reflect  .   (no cloak)
rCorr    +         Harm     .   (no gloves)
MR       .....                  (no boots)
Stlth    ..........             h - amulet of faith
Regen    0.2/turn               c - ring of resist corrosion
MPRegen  0.1/turn               s - ring of protection from fire

@: berserk cooldown, slowed, very slow
A: negative energy resistance 1, electricity resistance, unbreathing,
petrification resistance, rot immunity, AC +7
a: Berserk, Trog's Hand, Brothers in Arms, Burn Spellbooks, Renounce Religion


You were on level 9 of the Dungeon.
You worshipped Trog.
Trog was extremely pleased with you.
You were hungry.

You visited 2 branches of the dungeon, and saw 10 of its levels.

You collected 266 gold pieces.

Inventory:

Hand Weapons
 r - a +1 vampiric falchion
 u - a +0 flail of draining
 C - a +0 shortbow
 P - a +0 mace
 R - a +5 antimagic great sword (weapon)
Missiles
 E - 121 arrows
Armour
 n - a +3 chain mail (worn)
Jewellery
 c - a ring of resist corrosion (left hand)
 f - an uncursed ring of flight
 h - an amulet of faith (around neck)
 j - an uncursed amulet of harm
 s - a ring of protection from fire (right hand)
 H - a cursed ring of flight
 L - a cursed amulet of harm
Wands
 p - a wand of acid (10/15)
 q - a wand of iceblast (15/15)
 t - a wand of clouds (7/9)
 y - a wand of paralysis (6/24)
 F - a wand of polymorph (14/24)
 K - a wand of acid (9/15)
 N - a wand of flame (19/48)
Scrolls
 a - 2 scrolls of teleportation
 d - 7 scrolls of remove curse
 m - 2 scrolls of amnesia
 w - a scroll of identify
 A - a scroll of noise
 B - a scroll of fear
 Q - a scroll of random uselessness {unknown}
Potions
 e - 4 potions of resistance
 g - 3 potions of agility {unknown}
 i - 3 potions of mutation {unknown}
 k - 2 potions of haste {unknown}
 o - a potion of berserk rage {unknown}
 v - a potion of flight {unknown}
 x - a potion of magic {unknown}
 z - a potion of might {unknown}
 G - a potion of brilliance {unknown}
 I - a potion of lignification {unknown}
 M - a potion of heal wounds {unknown}
Comestibles
 b - 2 bread rations
 D - 5 fruits
 J - 2 meat rations
 O - 10 royal jellies
 S - 3 chunks of flesh


   Skills:
 - Level 3.2 Fighting
 * Level 8.8 Long Blades
 + Level 11.5 Armour
 - Level 1.9 Dodging
 - Level 8.6 Unarmed Combat


You had 10 spell levels left.
You didn't know any spells.

Dungeon Overview and Level Annotations

Branches:
Dungeon (9/15)             Temple (1/1) D:5
   Lair: D:8-11         Orc: D:9-12

Altars:
Ashenzari
Cheibriados
Dithmenos
Elyvilon
Fedhas
Gozag
Hepliaklqana
Kikubaaqudgha
Makhleb
Nemelex Xobeh
Okawaru
Qazlal
Ru
Sif Muna
Trog
Uskayaw
Vehumet
Xom
Yredelemnul
Zin
The Shining One


Innate Abilities, Weirdness & Mutations

You are resistant to torment.
Your stone body is resilient. (AC +7)
You are immune to poison.
You resist negative energy. (rN+)
You are resistant to electric shocks. (rElec)
You can survive without breathing.
You are immune to petrification.
You are immune to rotting.


Message History

The yak snorts and paws the ground.
The yak gores you!
* * * LOW HITPOINT WARNING * * *
You slash the yak!
You kill the yak!
Trog accepts your kill.
You have reached level 11!
The yak gores you!
* * * LOW HITPOINT WARNING * * *
The yak completely misses you.
You riposte.
You slash the yak!
The yak is heavily wounded.
Your chain mail prevents you from hitting the yak.
The yak is heavily wounded.
The yak gores you but does no damage. The yak misses you.
You riposte.
You hit the yak.
The yak is heavily wounded.
You hit the yak.
The yak is severely wounded.
The yak gores you.
You die...

.. .♣......##
Pr♣♣.t...... .#
P..........### .#
............. .#
.P......)..#### ..
..............# .#
..P........##.# .#
.......<......##.#####
.........).†.†Y@.....#
...........†##†#.....#
............##<#######
............##.#
............##.#
............##.#
............##.#
#.#.#########.. #.


You could see a yak.

Vanquished Creatures
  2 two-headed ogres
  Joseph (D:7)
  Grinder (D:3)
  3 hippogriffs (D:8)
  4 yaks (D:9)
  A wyvern (D:9)
  The ghost of Jaysonium the Cudgeler, an amateur MiBe of Trog (D:3)
  Edmund (D:4)
  Menkaure (D:4)
  A porcupine (D:9)
  2 ice beasts
  An orc warrior (D:6)
  A sky beast (D:5)
  A phantom (D:6)
  3 ogres
  4 centaurs
  A crocodile (D:9)
  3 bullfrogs
  3 scorpions
  5 killer bees (D:7)
  3 howler monkeys (D:8)
  2 crimson imps
  3 hounds
  Crazy Yiuf (D:7)
  5 jellies
  6 orc priests
  A centaur skeleton (D:5)
  2 bullfrog skeletons
  An iguana (D:4)
  3 worker ants
  7 orc wizards
  A hound zombie (D:9)
  7 gnolls
  10 adders
  5 shadow imps
  6 oozes
  An adder zombie (D:6)
  An adder skeleton (D:5)
  A worm (D:3)
  2 dart slugs
  5 leopard geckos
  36 orcs
  6 bats
  10 giant cockroaches
  7 goblins
  5 hobgoblins
  7 jackals
  9 kobolds
  6 quokkas
  3 ball pythons
  4 frilled lizards
  12 rats
  3 bushes (Temple)
  2 plants (Temple)
223 creatures vanquished.

Notes
Turn   | Place    | Note
-------+----------+-------------------------------------------
     0 | D:1      | SCCSCCS the Gargoyle Berserker began the quest for the Orb.
     0 | D:1      | Reached XP level 1. HP: 14/14 MP: 1/1
   118 | D:1      | Reached XP level 2. HP: 14/19 MP: 2/2
   756 | D:1      | Reached XP level 3. HP: 20/23 MP: 3/3
  1248 | D:2      | Reached ** piety under Trog
  1287 | D:2      | Reached skill level 3 in Armour
  1641 | D:2      | Reached XP level 4. HP: 25/28 MP: 4/4
  2333 | D:3      | Noticed Grinder
  2347 | D:3      | Killed Grinder
  2347 | D:3      | Reached skill level 5 in Armour
  2347 | D:3      | Reached skill level 5 in Unarmed Combat
  2347 | D:3      | Reached XP level 5. HP: 32/32 MP: 5/5
  2347 | D:3      | Reached XP level 6. HP: 37/37 MP: 6/6
  2377 | D:3      | Found a glowing drain.
  3441 | D:3      | Noticed Jaysonium's ghost (amateur MiBe)
  3461 | D:3      | Killed Jaysonium's ghost
  3461 | D:3      | Reached XP level 7. HP: 28/41 MP: 7/7
  3463 | D:3      | Reached *** piety under Trog
  3793 | D:4      | Reached skill level 6 in Armour
  4282 | D:4      | Noticed Edmund
  4298 | D:4      | Killed Edmund
  4370 | D:4      | Reached skill level 7 in Armour
  4370 | D:4      | Reached XP level 8. HP: 46/46 MP: 8/8
  4435 | D:4      | Noticed Menkaure
  4447 | D:4      | Killed Menkaure
  4625 | D:5      | Entered Level 5 of the Dungeon
  4647 | D:5      | Found a staircase to the Ecumenical Temple.
  4683 | Temple   | Entered the Ecumenical Temple
  5318 | D:5      | Reached **** piety under Trog
  5383 | D:5      | Found a bloodstained altar of Trog.
  5423 | D:5      | Reached skill level 8 in Armour
  6151 | D:6      | Reached XP level 9. HP: 18/51 MP: 9/9
  6527 | D:6      | Reached skill level 9 in Armour
  6619 | D:6      | Reached skill level 1 in Long Blades
  7538 | D:7      | Noticed a two-headed ogre
  7548 | D:7      | Killed a two-headed ogre
  7562 | D:7      | Noticed Joseph
  7586 | D:7      | Reached skill level 5 in Long Blades
  7587 | D:7      | Reached skill level 10 in Armour
  7633 | D:7      | Killed Joseph
  7633 | D:7      | Reached XP level 10. HP: 3/56 MP: 10/10
  8216 | D:7      | Found a runed door.
  8279 | D:7      | Reached ***** piety under Trog
  8557 | D:7      | Noticed Crazy Yiuf
  8565 | D:7      | Killed Crazy Yiuf
  8657 | D:8      | Noticed a two-headed ogre
  8670 | D:8      | Killed a two-headed ogre
  9345 | D:8      | Reached skill level 11 in Armour
  9409 | D:8      | Received a gift from Trog
  9698 | D:9      | Reached XP level 11. HP: 9/60 MP: 3/11
  9698 | D:9      | HP: 3/60 [yak (7)]
  9700 | D:9      | Slain by a yak

Skill      XL: |  1  2  3  4  5  6  7  8  9 10 |
---------------+-------------------------------+-----
Armour         | 3 5 7 8 10 11 | 11.5
Unarmed Combat | 5 6 8 |  8.6
Long Blades    | 5 8 |  8.8
Fighting       | |  3.2
Dodging        | |  1.9

Action                   |  1- 3 |  4- 6 |  7- 9 | 10-12 || total
-------------------------+-------+-------+-------+-------++-------
Melee: Unarmed           |   120 |   143 |   570 |   191 ||  1024
       Punch             |     4 |     3 |    24 |     7 ||    38
       Great sword       |       |       |       |    30 ||    30
Invok: Berserk           |       |     3 |     9 |     5 ||    17
       Burn Spellbooks   |       |     1 |       |     1 ||     2
  Use: Scroll            |     4 |     5 |     6 |     4 ||    19
       Potion            |       |       |     4 |     2 ||     6
 Stab: Sleeping          |       |     1 |       |       ||     1
  Eat: Royal jelly       |     1 |       |       |     1 ||     2
       Chunk             |       |     1 |     7 |     9 ||    17
       Bread ration      |       |     1 |     3 |       ||     4
       Meat ration       |       |     1 |       |       ||     1
       Fruit             |       |       |     1 |       ||     1
Armor: Animal skin       |    33 |    25 |       |       ||    58
       Chain mail        |       |    25 |   243 |   217 ||   485
       Ring mail         |       |    13 |       |       ||    13
Dodge: Dodged            |    75 |    54 |   179 |   119 ||   427
       Rpst.: Great sword |       |       |       |    11 ||    11
